 Dungeon Crawl Stone Soup version 0.24-a0-536-gdd4cf15 (webtiles) character file.

Game seed: 802531150469036048

5895 Faca the Tainter (level 10, -4/81 HPs)
             Began as a White Draconian Venom Mage on Aug 12, 2019.
             Was a Follower of Ashenzari.
             Slain by a yak (8 damage)
             ... on level 8 of the Dungeon.
             The game lasted 00:54:56 (10125 turns).

Faca the Tainter (White Draconian Venom Mage)      Turns: 10125, Time: 00:54:56

Health: -4/81      AC:  7    Str: 10    XL:     10   Next: 53%
Magic:  17/17      EV: 15    Int: 24    God:    Ashenzari [*.....]
Gold:   408        SH:  5    Dex: 12    Spells: 11/19 levels left

rFire    + . .     SeeInvis .   x - +4 short sword (freeze) (curse)
rCold    + + .     Gourm    .   C - +0 buckler
rNeg     . . .     Faith    .   (armour unavailable)
rPois    .         Spirit   .   (helmet restricted)
rElec    .         Reflect  .   s - scarf {rC+ rF+}
rCorr    .         Harm     .   (no gloves)
MR       .....                  (no boots)
Stlth    +++.......             m - amulet of regeneration
HPRegen  0.63/turn              a - +3 ring of evasion
MPRegen  0.15/turn              l - +5 ring of intelligence (curse)

@: no status effects
A: breathe frost, unfitting armour, cold resistance 1, cold-blooded, AC +7
a: Breathe Frost, Curse Item, Scrying, Renounce Religion


You were on level 8 of the Dungeon.
You worshipped Ashenzari.
Ashenzari was aware of your devotion.
You were not hungry.

You visited 2 branches of the dungeon, and saw 10 of its levels.
You also visited: Sewer.

You collected 408 gold pieces.

Inventory:

Hand Weapons
 o - a +0 hunting sling
 x - a cursed +4 short sword of freezing (weapon)
 A - a +2 whip of electrocution
 I - a +2 dagger of venom
Missiles
 f - 336 stones (quivered)
 k - 50 sling bullets
 D - 13 poisoned darts
 E - 3 atropa-tipped darts
Armour
 i - a +0 cloak
 s - a scarf of resistance (worn)
 C - a +0 buckler (worn)
Jewellery
 a - a +3 ring of evasion (left hand)
 l - a cursed +5 ring of intelligence (right hand)
 m - an amulet of regeneration (around neck)
Wands
 q - a wand of acid (12)
 v - a wand of flame (2)
Scrolls
 d - a scroll of immolation
 g - 3 scrolls of teleportation
 j - 4 scrolls of blinking
 n - a scroll of noise {unknown}
 r - a scroll of magic mapping
 t - 3 scrolls of fog {unknown}
 u - a scroll of amnesia {unknown}
 y - 3 scrolls of fear {unknown}
 B - 2 scrolls of enchant weapon {unknown}
 G - a scroll of identify
Potions
 c - a potion of brilliance
 e - a potion of haste
 h - a potion of resistance
 p - 2 potions of ambrosia
 w - a potion of agility
 z - 4 potions of heal wounds
 H - a potion of curing
Comestibles
 b - 10 rations
 F - 12 chunks of flesh


   Skills:
 - Level 5.1 Fighting
 - Level 1.7 Dodging
 - Level 6.6 Stealth
 + Level 4.8 Shields
 - Level 5.0 Spellcasting
 - Level 4.2 Conjurations
 + Level 5.4 Ice Magic
 - Level 5.0 Air Magic
 - Level 8.5 Poison Magic
 - Level 2.0 Evocations


You had 11 spell levels left.
You knew the following spells:

 Your Spells              Type           Power        Failure   Level  Hunger
a - Sting                 Conj/Pois      ####         1%          1    None
b - Mephitic Cloud        Conj/Pois/Air  ####....     2%          3    ##.....
c - Throw Icicle          Conj/Ice       ####....     12%         4    ####...

Your spell library contained the following spells:

 Spells                   Type           Power        Failure   Level  Hunger
 Freeze                   Ice            ####         1%          1    None
 Poisonous Vapours        Pois/Air       #####.       1%          2    None
 Throw Frost              Conj/Ice       ####..       1%          2    None
 Olgreb's Toxic Radiance  Pois           #####...     2%          4    ####...
 Spider Form              Tmut/Pois      ####......   4%          3    ##.....
 Beastly Appendage        Tmut           #.....       9%          1    None
 Ozocubu's Armour         Chrm/Ice       ###.....     9%          3    ##.....
 Sticks to Snakes         Tmut           #.......     13%         2    None
 Venom Bolt               Conj/Pois      #####.....   17%         5    #####..
 Ice Form                 Ice/Tmut       ###.....     28%         4    ####...
 Summon Ice Beast         Ice/Summ       ###.....     28%         4    ####...
 Blade Hands              Tmut           #.........   94%         5    #####..


Dungeon Overview and Level Annotations

Branches:
Dungeon (9/15)             Temple (1/1) D:7            Lair (0/6) D:8
    Orc: D:9-12

Altars:
Ashenzari
Cheibriados
Dithmenos
Elyvilon
Fedhas
Gozag
Hepliaklqana
Kikubaaqudgha
Makhleb
Nemelex Xobeh
Okawaru
Qazlal
Ru
Sif Muna
Trog
Uskayaw
Vehumet
Wu Jian
Xom
Yredelemnul
Zin
The Shining One

Shops:
D:5 ?   D:7 ?

Annotations:
D:3 2 transporters
D:4 1 runed translucent door, pigah's ghost, amateur DrWn


Innate Abilities, Weirdness & Mutations

You can breathe waves of freezing cold.
You can buffet flying creatures when you breathe cold.
Your icy white scales are hard. (AC +7)
You cannot fit into any form of body armour.
Your flesh is cold resistant. (rC+)
You are cold-blooded and may be slowed by cold attacks.


Message History

The yak gores you! The yak gores you.
You hit the yak but do no damage. You tail-slap the yak.
You kill the yak!
You block the yak's attack.
You hit the yak. You freeze the yak.
The yak is moderately wounded.
The yak misses you.
You hit the yak but do no damage.
Your tail-slap misses the yak.
The yak is moderately wounded.
The yak gores you!
You hit the yak. You freeze the yak.
The yak is moderately wounded.
The yak gores you!!
* * * LOW HITPOINT WARNING * * *
You hit the yak. You freeze the yak.
Your tail-slap misses the yak.
The yak is moderately wounded.
The yak gores you.
* * * LOW HITPOINT WARNING * * *
The yak gores you!
You die...

....#.#.# #....#.....# #.#.......
....#.#.###....#.#.### #.#.######
...............#.#.# #.#.# #
......#######.##.#.#####.#.######
...............................##
....#########..#.#..).....####.##
.....# #..............#.##.....
.....# #.##....#..###......#.##
####[#####.##.#รท@#..#
#...#..#.##
#.......##.#Y>#..###..........
##########.#..#..#.....#.##...
#......#.....#.#.#.#.##.##
#.######.###.#.#.#.#.##.# #.# #.#
#.#.#..<#.##.# #.# #.#
#.#.#####.##.# #.# #.#
#.#.......##.## #.#
###.###.##########...


You could see a yak.

Vanquished Creatures
  Pikel (D:6)
  A cyclops (D:6)
  A troll (D:9)
  Prince Ribbit (D:6)
  A hippogriff (D:8)
  Sigmund (D:6)
  3 yaks (D:8)
  A wyvern (D:9)
  Menkaure (D:7)
  Duvessa (D:6)
  3 orc warriors
  Purgy (Sewer)
  2 ice beasts
  A black bear (D:7)
  2 ogres
  4 phantoms
  A necrophage (D:6)
  A centaur (D:5)
  4 bullfrogs
  Dowan (D:6)
  4 scorpions
  4 killer bees (D:7)
  5 wights (D:7)
  4 jellies
  3 howler monkeys
  A bullfrog zombie (D:5)
  2 crimson imps
  2 hounds
  A gnoll shaman (D:5)
  5 orc priests
  A centaur skeleton (D:7)
  2 bullfrog skeletons
  5 orc wizards
  8 worker ants
  A hound skeleton (D:4)
  7 gnolls
  18 adders
  An ooze (D:7)
  An adder skeleton (D:6)
  A dart slug (D:4)
  5 worms
  2 leopard geckos
  41 orcs
  6 bats
  5 giant cockroaches
  5 goblins
  12 hobgoblins
  11 jackals
  7 kobolds
  2 quokkas
  2 ball pythons (D:6)
  9 frilled lizards
  A quokka skeleton (D:5)
  8 rats
224 creatures vanquished.

Notes
Turn   | Place    | Note
-------+----------+-------------------------------------------
     0 | D:1      | Faca the Draconian Venom Mage began the quest for the Orb.
     0 | D:1      | Reached XP level 1. HP: 14/14 MP: 3/3
   716 | D:1      | Reached XP level 2. HP: 20/20 MP: 1/5
  1571 | D:2      | Reached XP level 3. HP: 24/26 MP: 0/6
  1944 | D:2      | Reached skill level 4 in Poison Magic
  2061 | D:2      | Reached XP level 4. HP: 33/33 MP: 3/7
  2418 | D:2      | Learned a level 3 spell: Mephitic Cloud
  2655 | D:3      | Reached XP level 5. HP: 32/38 MP: 8/8
  3087 | D:3      | Found a transporter.
  3115 | D:3      | Found a transporter.
  3486 | D:3      | Reached skill level 5 in Poison Magic
  3749 | D:4      | Reached skill level 1 in Fighting
  3749 | D:4      | Reached XP level 6. HP: 47/47 MP: 4/9
  4207 | D:3      | Reached skill level 1 in Air Magic
  4647 | D:4      | Your scales start taking on an icy white colour.
  4647 | D:4      | Reached XP level 7. HP: 43/56 MP: 8/11
  4647 | D:4      | Gained mutation: Your flesh is cold resistant. (rC+) [White
                  | Draconian growth]
  4724 | D:4      | Found a runed translucent door.
  4728 | D:4      | Noticed pigah's ghost (amateur DrWn)
  4728 | D:4      | Noticed a two-headed ogre
  4917 | D:5      | Entered Level 5 of the Dungeon
  4930 | D:4      | Found a basalt altar of Yredelemnul.
  5792 | D:5      | Found Savuming's Magic Scroll Shop.
  6215 | D:6      | Noticed a cyclops
  6370 | D:6      | Noticed Prince Ribbit
  6381 | D:6      | Killed Prince Ribbit
  6381 | D:6      | Reached XP level 8. HP: 64/67 MP: 8/14
  6521 | D:6      | Reached skill level 5 in Fighting
  6586 | D:6      | Noticed Dowan
  6588 | D:6      | Noticed Duvessa
  6599 | D:6      | Killed Dowan
  6616 | D:6      | Killed Duvessa
  6616 | D:6      | Reached skill level 5 in Spellcasting
  6616 | D:6      | Reached skill level 5 in Air Magic
  6692 | D:6      | Found a glowing drain.
  6707 | Sewer    | Entered a sewer
  6849 | Sewer    | Noticed Purgy
  6854 | Sewer    | Killed Purgy
  7067 | D:6      | Killed a cyclops
  7067 | D:6      | Reached skill level 6 in Poison Magic
  7067 | D:6      | Reached XP level 9. HP: 49/74 MP: 13/16
  7165 | D:6      | Noticed Pikel
  7181 | D:6      | Killed Pikel
  7181 | D:6      | Reached skill level 7 in Poison Magic
  7213 | D:6      | Noticed Sigmund
  7225 | D:6      | Killed Sigmund
  7225 | D:6      | Reached skill level 5 in Stealth
  7231 | D:6      | Found an ancient bone altar of Kikubaaqudgha.
  7374 | D:7      | Found a snail-covered altar of Cheibriados.
  7393 | D:7      | Noticed Menkaure
  7435 | D:7      | Killed Menkaure
  7625 | D:7      | Reached skill level 8 in Poison Magic
  7865 | D:7      | Found Cisiyf Joal's Magic Scroll Shop.
  7871 | D:7      | Found a staircase to the Ecumenical Temple.
  7887 | Temple   | Entered the Ecumenical Temple
  7991 | Temple   | Became a worshipper of Ashenzari the Shackled
  8164 | D:7      | Reached skill level 1 in Shields
  8345 | D:7      | Learned a level 4 spell: Throw Icicle
  8523 | D:8      | Reached skill level 1 in Ice Magic
  8523 | D:8      | Reached XP level 10. HP: 81/81 MP: 14/17
  8785 | D:8      | Reached skill level 1 in Evocations
  8924 | D:8      | Found a staircase to the Lair.
  9500 | D:9      | Found a bloodstained altar of Trog.
  9805 | D:9      | Reached * piety under Ashenzari
 10039 | D:8      | Reached skill level 5 in Ice Magic
 10124 | D:8      | HP: 4/81 [yak (6)]
 10125 | D:8      | Slain by a yak

Levels and vault maps discovered:
D:1:      dpeg_arrival_snail, layout_basic
D:2:      layout_loops_ring
D:3:      gammafunk_wand_slinger, layout_basic
D:4:      lemuel_upstairs_altar, layout_rooms, ebering_ghost_inner_flame,
          first_ration
D:5:      layout_basic, serial_shops, nicolae_shop_statue_plus
D:6:      layout_rooms, kennysheep_little_box, portal_sewer_entry_c, uniq_pikel,
          uniq_prince_ribbit1, uniq_sigmund, uniq_duvessa
D:7:      layout_loops_ring, minmay_temple_entry_crystal_x, serial_shops, shop,
          basic_altar, uniq_menkaure
D:8:      layout_basic, dpeg_oklobed_lair
D:9:      layout_cave_pods, lemuel_round_altar, blue_anna_alchemist
          [blue_anna_fruit_fields, blue_anna_fruit_fields],
          minmay_misc_feat_cross, hangedman_decor_clover_reticule, hex_large
Temple:   regret_index_temple_chain_breaker

Skill      XL: |  1  2  3  4  5  6  7  8  9 10 |
---------------+-------------------------------+-----
Conjurations   | 2 3 4 |  4.2
Poison Magic   | 4 5 6 8 |  8.5
Fighting       | 1 2 4 5 |  5.1
Air Magic      | 1 4 5 |  5.0
Spellcasting   | 4 5 |  5.0
Stealth        | 4 6 |  6.6
Shields        | 1 4 |  4.8
Ice Magic      | 1 5 |  5.4
Evocations     | 2 |  2.0
Dodging        | |  1.7

Action                   |  1- 3 |  4- 6 |  7- 9 | 10-12 || total
-------------------------+-------+-------+-------+-------++-------
Melee: Unarmed           |     8 |       |       |       ||     8
       Dagger            |    18 |       |       |       ||    18
       Tailslap          |     2 |     6 |    30 |    13 ||    51
       Short sword       |       |    96 |   139 |   134 ||   369
       Whip              |       |       |   171 |       ||   171
 Fire: Hunting sling     |    10 |   132 |    11 |       ||   153
Throw: Stone             |     4 |       |     1 |     5 ||    10
 Cast: Sting             |    63 |    56 |    86 |    67 ||   272
       Mephitic Cloud    |       |     1 |     7 |     8 ||    16
       Throw Icicle      |       |       |       |     1 ||     1
Invok: Curse Item        |       |       |     1 |       ||     1
 Abil: Breathe Frost     |       |       |     8 |     2 ||    10
Evoke: Wand              |       |       |     9 |       ||     9
  Use: Scroll            |       |     8 |     2 |     2 ||    12
       Potion            |       |       |     1 |       ||     1
 Stab: Confused          |       |       |     4 |     6 ||    10
       Sleeping          |       |       |     3 |     2 ||     5
  Eat: Chunk             |     4 |     5 |    14 |     7 ||    30
       Ration            |       |     1 |       |       ||     1
Armor: Skin              |    10 |    49 |    60 |    23 ||   142
Dodge: Dodged            |    44 |    99 |   222 |    77 ||   442
Block: Buckler           |       |       |     6 |    22 ||    28

Table legend:
 A = Non-vault XP
 B = Vault XP
 C = Vault XP percentage of total XP
 D = Non-vault monster count
 E = Vault monster count
 F = Vault count percentage of total count
                 A         B        C        D         E       F
            +---------+---------+-------+---------+---------+-------
      Total |    6768 |    1654 |  19.6 |     207 |      17 |   7.6
            +---------+---------+-------+---------+---------+-------
        D:1 |      14 |       0 |   0.0 |       8 |       0 |   0.0
        D:2 |     101 |       0 |   0.0 |      23 |       0 |   0.0
        D:3 |     284 |       0 |   0.0 |      43 |       0 |   0.0
        D:4 |     356 |       0 |   0.0 |      30 |       0 |   0.0
        D:5 |     458 |       0 |   0.0 |      18 |       0 |   0.0
        D:6 |    1050 |    1331 |  55.9 |      11 |      10 |  47.6
        D:7 |    1493 |     169 |  10.2 |      29 |       1 |   3.3
        D:8 |    1516 |       0 |   0.0 |      16 |       0 |   0.0
        D:9 |    1496 |       0 |   0.0 |      29 |       0 |   0.0
      Sewer |       0 |     154 | 100.0 |       0 |       6 | 100.0
            +---------+---------+-------+---------+---------+-------
